[Event "Early-Titled-Tuesday-Blitz-March-19-2024"]
[Site "Chess.com"]
[Date "2024.03.19"]
[Round "6"]
[White "bulletteemo"]
[Black "MarcoRiehle"]
[Result "1-0"]
[WhiteElo "2602"]
[BlackElo "2788"]
[TimeControl "180+1"]
[EndTime "9:04:16 PDT"]
[Termination "bulletteemo won by checkmate"]

1. e4 e5 2. Nf3 Nf6 3. Nxe5 Nxe4 4. Qe2 Qe7 5. Qxe4 d6 6. d4 dxe5 7. dxe5 Nc6 8. Nc3 Qxe5 9. Qxe5+ Nxe5 10. Bf4 f5 11. Bxe5 Bd7 12. Bxc7 Bc5 13. Bc4 Rc8 14. Be5 Bb4 15. Bb3 Kd8 16. O-O-O Re8 17. Bxg7 Bc5 18. Ba4 Rc7 19. Rd5 Kc8 20. Bxd7+ Rxd7 21. Rxc5+ Kb8 22. Be5+ Ka8 23. Rd1 Rde7 24. f4 b6 25. Rcd5 a6 26. Rd7 h5 27. R1d6 h4 28. Nd5 Rxd7 29. Rxd7 a5 30.
Nxb6# 1-0

[Event "Early-Titled-Tuesday-Blitz-March-19-2024"]
[Site "Chess.com"]
[Date "2024.03.19"]
[Round "6"]
[White "JonaszBaum"]
[Black "Shield12"]
[Result "0-1"]
[WhiteElo "2733"]
[BlackElo "2946"]
[TimeControl "180+1"]
[EndTime "9:04:19 PDT"]
[Termination "Shield12 won by resignation"]

1. d4 Nf6 2. c4 e6 3. Nc3 Bb4 4. g3 d5 5. Bg2 O-O 6. Nf3 dxc4 7. O-O Nc6 8. Qa4 Nd5 9. Qc2 Be7 10. Rd1 Rb8 11. e4 Ndb4 12. Qe2 Nd3 13. b3 Nxd4 14. Nxd4 Qxd4 15. Bb2 Bc5 16. Na4 Qxf2+ 17. Qxf2 Bxf2+ 18. Kf1 b5 19. Ba3 b4 20. Bc1 Bd4 21. Rb1 Ba6 22. Rxd3 cxd3 23. Bd2 Bb5 24. Nb2 Bxb2 25. Rxb2 c5 26.
Be3 0-1

[Event "Early-Titled-Tuesday-Blitz-March-19-2024"]
[Site "Chess.com"]
[Date "2024.03.19"]
[Round "6"]
[White "BallottiLuca"]
[Black "newauto"]
[Result "1/2-1/2"]
[WhiteElo "2377"]
[BlackElo "2143"]
[TimeControl "180+1"]
[EndTime "9:04:23 PDT"]
[Termination "Game drawn by repetition"]

1. e4 c6 2. d4 d5 3. Nc3 dxe4 4. Nxe4 Nf6 5. Nxf6+ exf6 6. Nf3 Bd6 7. Bd3 O-O 8.
O-O Re8 9. h3 Nd7 10. c3 Nf8 11. Bd2 Be6 12. Qc2 Qd7 13. a4 Bxh3 14. gxh3 Qxh3 15. Qd1 Qg4+ 16. Kh1 Qh3+ 17. Kg1 Ng6 18. Bxg6 hxg6 19. Re1 Rxe1+ 20. Bxe1 Re8 21. Qd3 Rxe1+ 22. Rxe1 Bh2+ 23. Kh1 Bg3+ 24. Kg1 Bh2+ 25. Kh1 Bg3+ 26. Kg1 Bh2+ 1/2-1/2

[Event "Early-Titled-Tuesday-Blitz-March-19-2024"]
[Site "Chess.com"]
[Date "2024.03.19"]
[Round "6"]
[White "Viktor_Poddubnyi"]
[Black "ChristianArca"]
[Result "0-1"]
[WhiteElo "2300"]
[BlackElo "2684"]
[TimeControl "180+1"]
[EndTime "9:04:31 PDT"]
[Termination "ChristianArca won by resignation"]

1. e4 c6 2. d4 d5 3. exd5 cxd5 4.
c4 Nf6 5. Nc3 g6 6. Qb3 Bg7 7.
cxd5 O-O 8. Be2 Nbd7 9. Bf3 Nb6 10. Nge2 e6 11. dxe6 Bxe6 12. Qd1 Nfd5 13. O-O Rc8 14. Re1 Nc4 15. b3 Nxc3 16. Nxc3 Qxd4 17. bxc4 Qxd1 18. Rxd1 Bxc3 19. Rb1 b6 20. Bd5 Bf5 21. Rb5 Bc2 22. Bd2 Bxd1 23. Bxc3 Be2 24. Rb4 Rfd8 0-1

[Event "Early-Titled-Tuesday-Blitz-March-19-2024"]
[Site "Chess.com"]
[Date "2024.03.19"]
[Round "6"]
[White "Joachim100x"]
[Black "campochess"]
[Result "1-0"]
[WhiteElo "2503"]
[BlackElo "2192"]
[TimeControl "180+1"]
[EndTime "9:04:35 PDT"]
[Termination "Joachim100x won by resignation"]

1. e4 c5 2. Nf3 Nc6 3. d4 cxd4 4. Nxd4 e5 5. Nb5 a6 6. Nd6+ Bxd6 7. Qxd6 Qe7 8. Qd1 Nf6 9. Nc3 d6 10. f3 h6 11. Be3 Be6 12. Qd2 Rd8 13. Nd5 Bxd5 14. exd5 Nb8 15. O-O-O Rc8 16. g4 Qc7 17. c3 Nbd7 18. h4 Nc5 19. Be2 Nfd7 20. g5 hxg5 21. hxg5 Rxh1 22. Rxh1 Nf8 23. Rh8 Nd7 24. f4 exf4 25.
Bxf4 Ne5 26. Qe3 Qe7 27. Kd2 Ng6 28. Rh3 Qxe3+ 29. Rxe3+ Kd7 30. Bg4+ Kc7 31. Bxd6+ Kxd6 32. Bxc8 Kxd5 33. Re8 Ne6 34. Bxe6+ fxe6 35. Rg8 1-0

[Event "Early-Titled-Tuesday-Blitz-March-19-2024"]
[Site "Chess.com"]
[Date "2024.03.19"]
[Round "6"]
[White "js20000"]
[Black "maciek_92"]
[Result "1-0"]
[WhiteElo "2803"]
[BlackElo "2887"]
[TimeControl "180+1"]
[EndTime "9:04:39 PDT"]
[Termination "js20000 won by resignation"]

1. c3 Nf6 2. d4 d6 3. Bg5 Nbd7 4. Nd2 h6 5. Bh4 g5 6. Bg3 Bg7 7. e4 c5 8. Bd3 cxd4 9. cxd4 Nb6 10. Ne2 Be6 11. Nc3 Rc8 12. h4 Bg4 13. f3 Nh5 14. Bf2 Nf4 15. Bf1 Bd7 16. g3 Ne6 17. Nb3 gxh4 18.
Rxh4 Nc4 19. Bxc4 Rxc4 20. Qd3 b5 21. Rh5 Ng5 22. a4 a6 23. axb5 axb5 24. Nd2 Rb4 25. b3 Bxd4 26. Bxd4 e5 27. Be3 Be6 1-0

[Event "Early-Titled-Tuesday-Blitz-March-19-2024"]
[Site "Chess.com"]
[Date "2024.03.19"]
[Round "6"]
[White "ArmanGhevondyanchess"]
[Black "Zhigalko_Sergei"]
[Result "0-1"]
[WhiteElo "2605"]
[BlackElo "2862"]
[TimeControl "180+1"]
[EndTime "9:04:39 PDT"]
[Termination "Zhigalko_Sergei won by resignation"]

1. Nf3 d5 2. g3 c6 3. Bg2 Bg4 4. d4 e6 5. O-O Nf6 6. c4 Be7 7. Nc3 O-O 8. b3 Nbd7 9. Bb2 h6 10. Rc1 Bf5 11. Nd2 Qa5 12. a3 Rfd8 13.
e4 dxe4 14. Ndxe4 Nxe4 15. Nxe4 Nf6 16. Qe2 Nxe4 17. Bxe4 Bxe4 18. Qxe4 Rd7 19. Rfd1 Rad8 20. Rd3 Bf6 21. Rcd1 Qb6 22. b4 Qa6 23. d5 cxd5 24.
Qe2 Bxb2 25. Qxb2 Qxc4 26. Qe5 Rc8 27. h4 Rdc7 28. Qe3 a6 29. Qb6 Qb5 30. Qd6 Rc1 31. Kg2 Rxd1 32. Rxd1 Qc6 33. Qe5 Qc3 34. Qxe6 0-1

[Event "Early-Titled-Tuesday-Blitz-March-19-2024"]
[Site "Chess.com"]
[Date "2024.03.19"]
[Round "6"]
[White "RantomOpening"]
[Black "KorolDimitriy75"]
[Result "1-0"]
[WhiteElo "2601"]
[BlackElo "2406"]
[TimeControl "180+1"]
[EndTime "9:04:45 PDT"]
[Termination "RantomOpening won on time"]

1. Nc3 c5 2. e4 g6 3. Nf3 Bg7 4. d4 cxd4 5. Nxd4 d6 6. Be3 Nf6 7. Bc4 O-O 8. Bb3 Nc6 9. O-O Ng4 10.
Nxc6 bxc6 11. Bg5 h6 12. Bh4 Rb8 13. h3 Nf6 14. Qd3 Qa5 15. e5 Qxe5 16. Qxg6 Rxb3 17. Qd3 Rxb2 18. Rae1 Qh5 19. Bg3 Be6 20. f4 Qf5 21.
Qe3 Qxc2 22. Ne2 Bc4 23. Rf2 Nd5 24. Qf3 1-0

[Event "Early-Titled-Tuesday-Blitz-March-19-2024"]
[Site "Chess.com"]
[Date "2024.03.19"]
[Round "6"]
[White "AlanZhang"]
[Black "SujanaLohani"]
[Result "1-0"]
[WhiteElo "2230"]
[BlackElo "1998"]
[TimeControl "180+1"]
[EndTime "9:04:45 PDT"]
[Termination "AlanZhang won by resignation"]

1. e4 c6 2. d4 d5 3. Nc3 e6 4. e5 f5 5. f4 Bb4 6. Nf3 Ne7 7. a3 Ba5 8. b4 Bc7 9. Bd3 b5 10. a4 a5 11. axb5 cxb5 12. Nxb5 Ba6 13. Nxc7+ Qxc7 14. b5 Bc8 15. O-O O-O 16. Ba3 h6 17. Bd6 Qb7 18. Qd2 Bd7 19. Rxa5 Rxa5 20. Qxa5 Rc8 21.
Bxe7 Bxb5 22. Qxb5 Qxe7 23. Rb1 g5 24. fxg5 hxg5 25.
Qb7 Qd8 26. Ba6 g4 27. Qxc8 Qxc8 28. Bxc8 gxf3 29. Rxb8 1-0

[Event "Early-Titled-Tuesday-Blitz-March-19-2024"]
[Site "Chess.com"]
[Date "2024.03.19"]
[Round "6"]
[White "carloseduar100"]
[Black "ljuks68"]
[Result "0-1"]
[WhiteElo "2248"]
[BlackElo "2452"]
[TimeControl "180+1"]
[EndTime "9:04:49 PDT"]
[Termination "ljuks68 won by resignation"]

1. d4 d5 2. c3 c5 3. dxc5 e5 4.
b4 a5 5. Bb2 Nf6 6. a3 Be7 7.
e3 O-O 8. Nd2 b6 9. Ngf3 bxc5 10. Nxe5 axb4 11. cxb4 cxb4 12. axb4 Rxa1 13. Bxa1 Bxb4 14.
Bd3 Ne4 15. Nf3 Bg4 16. Qb3 Qa5 17. Qb2 Bc3 18. Qxc3 Nxc3 19. O-O Bxf3 20. Nxf3 Ne4 21. Nd4 Nd7 22. f3 Nec5 23. Bb1 Re8 24. Nf5 f6 25. Bd4 Nb3 26. h4 Nxd4 27. exd4 g6 28. Ng3 Qd2 29. h5 Qxd4+ 0-1

[Event "Early-Titled-Tuesday-Blitz-March-19-2024"]
[Site "Chess.com"]
[Date "2024.03.19"]
[Round "6"]
[White "BilicVladimir"]
[Black "Elnaz_Kaliakhmet"]
[Result "0-1"]
[WhiteElo "2694"]
[BlackElo "2537"]
[TimeControl "180+1"]
[EndTime "9:04:50 PDT"]
[Termination "Elnaz_Kaliakhmet won by resignation"]

1. e4 c5 2. Nf3 Nc6 3. d4 cxd4 4.
Nxd4 Nf6 5. Nc3 d6 6. Bg5 Bd7 7. Bxf6 gxf6 8. Qd2 h5 9. f4 a6 10. O-O-O e6 11. Be2 b5 12. Nxc6 Bxc6 13. Bf3 Qb6 14. Rhe1 O-O-O 15. Kb1 h4 16. Ne2 Bh6 17. g3 hxg3 18.
hxg3 f5 19. Qd3 fxe4 20. Bxe4 Bg7 21. Bxc6 Qxc6 22. c3 Qc4 23. Qf3 Kc7 24. Nd4 Bxd4 25. Rxd4 Qc6 26. Qe3 Rh1 27. a3 Rxe1+ 28. Qxe1 Rg8 29.
Ka2 Rh8 30. Qe3 Rh2 31. Qd3 Qg2 32. Rb4 Qd2 33. Qe3 Qxe3 0-1

[Event "Early-Titled-Tuesday-Blitz-March-19-2024"]
[Site "Chess.com"]
[Date "2024.03.19"]
[Round "6"]
[White "GMAneta"]
[Black "DvaHrasta"]
[Result "0-1"]
[WhiteElo "2658"]
[BlackElo "2493"]
[TimeControl "180+1"]
[EndTime "9:04:50 PDT"]
[Termination "DvaHrasta won by resignation"]

1. d4 Nf6 2. Nf3 e6 3. c4 d5 4. Nc3 Bb4 5. cxd5 exd5 6. Qa4+ Nc6 7. Bg5 O-O 8. e3 h6 9. Bxf6 Qxf6 10. Be2 Bg4 11. O-O Bxc3 12. bxc3 Bxf3 13. Bxf3 Ne7 14. Qb3 Qc6 15. c4 dxc4 16. Bxc6 cxb3 17. Bxb7 Rab8 18.
Be4 b2 19. Rab1 Rb4 20. Bc2 a5 21. Rfd1 Rfb8 22. Rd3 Rc4 23. Bb3 Rc1+ 24. Rd1 Rxd1+ 25.
Rxd1 a4 26. Bc2 Nd5 27. g4 Nc3 28. Rd3 b1=Q+ 29. Bxb1 Rxb1+ 30. Kg2 Nxa2 31. Ra3 Rb2 32. Rxa4 Nc3 33. Rc4 Ne4 34. Rxc7 Rxf2+ 35. Kg1 Re2 36.
Rc8+ Kh7 37. Rc7 Kg6 38. h4 Rxe3 39. h5+ Kf6 40. Rc6+ Kg5 41. Rc7 Rf3 0-1

[Event "Early-Titled-Tuesday-Blitz-March-19-2024"]
[Site "Chess.com"]
[Date "2024.03.19"]
[Round "6"]
[White "Boundless_Strike"]
[Black "microbear"]
[Result "1-0"]
[WhiteElo "2631"]
[BlackElo "2352"]
[TimeControl "180+1"]
[EndTime "9:04:50 PDT"]
[Termination "Boundless_Strike won by resignation"]

1. d4 Nf6 2. f3 d5 3. e4 dxe4 4. Nc3 exf3 5. Nxf3 Bg4 6. h3 Bxf3 7. Qxf3 c6 8. g4 e6 9. g5 Nd5 10. Bd3 Bb4 11. O-O O-O 12. Ne4 f5 13. gxf6 Nxf6 14. c3 Be7 15. Ng5 Qd5 16. Qe2 Nbd7 17. Bc4 Qd6 18. Bf4 Ne5 19. Bxe5 1-0

[Event "Early-Titled-Tuesday-Blitz-March-19-2024"]
[Site "Chess.com"]
[Date "2024.03.19"]
[Round "6"]
[White "GelmanAlexander"]
[Black "Eliwood44"]
[Result "0-1"]
[WhiteElo "2685"]
[BlackElo "2537"]
[TimeControl "180+1"]
[EndTime "9:04:51 PDT"]
[Termination "Eliwood44 won by resignation"]

1. d4 Nf6 2. Nc3 d5 3. Bf4 c6 4.
f3 Nbd7 5. g4 Qb6 6. Qd2 e6 7.
O-O-O Bb4 8. e3 c5 9. a3 Bxc3 10. Qxc3 c4 11. h4 a5 12. h5 Qc6 13. g5 Ng8 14. e4 Ne7 15. Qe3 b5 16. Bh3 b4 17.
Ne2 c3 18. bxc3 bxa3 19. Kd2 Ba6 20. g6 hxg6 21. hxg6 Nxg6 22. Bxe6 fxe6 23. Rxh8+ Nxh8 24. Bg5 Bxe2 25. Kxe2 Nf7 26. Rh1 dxe4 27. fxe4 Nxg5 28. Rh8+ Nf8 29. Qxg5 Qxe4+ 30. Kd2 Qf5 31. Qxg7 a2 32. Qc7 Qf2+ 33. Kd3 Qf3+ 34. Kd2 a1=Q 0-1

[Event "Early-Titled-Tuesday-Blitz-March-19-2024"]
[Site "Chess.com"]
[Date "2024.03.19"]
[Round "6"]
[White "DavidGavrilescu18"]
[Black "Lady_Nika"]
[Result "1-0"]
[WhiteElo "2782"]
[BlackElo "2578"]
[TimeControl "180+1"]
[EndTime "9:04:59 PDT"]
[Termination "DavidGavrilescu18 won by resignation"]

1. e4 c6 2. Nf3 d5 3. Nc3 Nf6 4. e5 Nfd7 5. d4 e6 6. Ne2 c5 7. c3 Nc6 8. Nf4 a6 9. Bd3 b5 10. O-O Bb7 11. h4 h6 12. h5 Qb6 13. Be3 c4 14. Bc2 a5 15. b3 Be7 16. bxc4 bxc4 17.
Rb1 Qc7 18. Nd2 Nb6 19. Qg4 Bf8 20. Nxe6 fxe6 21. Qxe6+ Be7 22. Qg6+ Kd8 23. Qxg7 Rf8 24. Bxh6 Nd7 25. Qh7 Ncxe5 26. dxe5 d4 27. Rxb7 Qxb7 28. Be4 Qa7 29. Bxa8 Qxa8 30. Bxf8 Nxf8 31. Qf7 dxc3 32. Nxc4 c2 33. Qf5 Qc6 34. Qxc2 Ne6 35. Ne3 Qb7 36. Rd1+ Ke8 37. Qg6+ 1-0

[Event "Early-Titled-Tuesday-Blitz-March-19-2024"]
[Site "Chess.com"]
[Date "2024.03.19"]
[Round "6"]
[White "Kostya0705"]
[Black "Alexchess1984"]
[Result "0-1"]
[WhiteElo "2571"]
[BlackElo "2765"]
[TimeControl "180+1"]
[EndTime "9:04:59 PDT"]
[Termination "Alexchess1984 won by resignation"]

1. e4 c5 2. Nf3 g6 3. d4 cxd4 4.
Nxd4 Bg7 5. Nc3 Nc6 6. Be3 Nf6 7. Bc4 O-O 8. Bb3 d6 9. f3 Na5 10. Qd2 Nxb3 11. Nxb3 Be6 12. h4 h5 13. O-O-O a5 14.
a4 Rc8 15. Kb1 Qe8 16. Nxa5 Rxc3 17. Qxc3 Nd5 18. Qa3 Nxe3 19. Qxe3 Qxa4 20. Nb3 Ra8 21. Kc1 Rc8 22. Kb1 Ra8 23. Kc1 Qa2 24. Rd3 Bxb3 25. Kd2 Qa5+ 26. c3 Bc4 0-1

[Event "Early-Titled-Tuesday-Blitz-March-19-2024"]
[Site "Chess.com"]
[Date "2024.03.19"]
[Round "6"]
[White "HansOnTwitch"]
[Black "Binary010"]
[Result "1-0"]
[WhiteElo "3081"]
[BlackElo "2839"]
[TimeControl "180+1"]
[EndTime "9:05:00 PDT"]
[Termination "HansOnTwitch won by resignation"]

1. c4 c5 2. Nc3 Nc6 3. g3 g6 4. Bg2 Bg7 5. Nf3 e5 6. d3 d6 7. O-O Nge7 8. a3 O-O 9. Rb1 a5 10. Bg5 f6 11. Bd2 Be6 12. Qa4 Qd7 13. Rfc1 b6 14. Ne1 d5 15. cxd5 Nxd5 16. Nc2 Rab8 17. Ne3 Nde7 18. h4 Rfc8 19. h5 Nd4 20. Qxd7 Bxd7 21.
hxg6 hxg6 22. Nc4 b5 23. Nd6 b4 24. Nxc8 Nxc8 25. Kf1 bxc3 26. bxc3 Rxb1 27. Rxb1 Nc6 28. Rb7 Be8 29. Bxc6 Bxc6 30. Rc7 1-0

[Event "Early-Titled-Tuesday-Blitz-March-19-2024"]
[Site "Chess.com"]
[Date "2024.03.19"]
[Round "6"]
[White "valeriocarnicelli"]
[Black "Louis-Paulsen-Fan"]
[Result "1-0"]
[WhiteElo "2537"]
[BlackElo "2283"]
[TimeControl "180+1"]
[EndTime "9:05:00 PDT"]
[Termination "valeriocarnicelli won by resignation"]

1. e4 Nf6 2. e5 Nd5 3. Nc3 Nxc3 4. dxc3 d6 5. Nf3 Nc6 6. exd6 cxd6 7. Bd3 Bg4 8. h3 Bh5 9. O-O e6 10. Re1 Be7 11.
a4 O-O 12. a5 Rc8 13. Be3 Nxa5 14. Bxh7+ Kxh7 15. Ng5+ Bxg5 16. Qxh5+ Bh6 17. Bxh6 gxh6 18. Rxa5 a6 19. Ra4 Qf6 20. Re3 Rc5 21. Qd1 Rd5 22. Rd3 Rf5 23. Rxd6 Rxf2 24. Rg4 Rg8 25. Rxg8 Kxg8 26.
Rd8+ Kg7 27. Qg4+ 1-0

[Event "Early-Titled-Tuesday-Blitz-March-19-2024"]
[Site "Chess.com"]
[Date "2024.03.19"]
[Round "6"]
[White "Laico"]
[Black "aljado"]
[Result "0-1"]
[WhiteElo "2414"]
[BlackElo "2128"]
[TimeControl "180+1"]
[EndTime "9:05:01 PDT"]
[Termination "aljado won by checkmate"]

1. e4 c5 2. Nc3 e6 3. f4 d5 4. e5 Nc6 5. Nf3 d4 6. Ne4 Nh6 7. Bb5 Nf5 8. Bxc6+ bxc6 9. O-O h5 10. b3 c4 11.
bxc4 d3 12. Bb2 Qb6+ 13. Kh1 Qxb2 14. cxd3 Be7 15. Qe2 Qa3 16. d4 Ba6 17. d3 Rd8 18. Nd6+ Bxd6 19. exd6 Qxd6 20. Qe4 h4 21. Rfe1 Kf8 22. Ne5 Qxd4 23. Nxc6 Ng3+ 24. hxg3 hxg3+ 25. Qh7 Rxh7# 0-1

[Event "Early-Titled-Tuesday-Blitz-March-19-2024"]
[Site "Chess.com"]
[Date "2024.03.19"]
[Round "6"]
[White "akanga001"]
[Black "ahmedkandiliii"]
[Result "0-1"]
[WhiteElo "2038"]
[BlackElo "2500"]
[TimeControl "180+1"]
[EndTime "9:05:03 PDT"]
[Termination "ahmedkandiliii won by resignation"]

1. d4 b6 2. Bf4 Bb7 3. Nf3 g6 4.
e3 Bg7 5. h3 Nf6 6. c3 O-O 7.
Nbd2 c5 8. Be2 d6 9. O-O Nbd7 10.
Bh2 Ne4 11. Nxe4 Bxe4 12. Bd3 Bb7 13. Qe2 Rc8 14. Ba6 Qc7 15. Bxb7 Qxb7 16. a4 a6 17. Rfe1 Rc7 18. dxc5 bxc5 19. e4 Rb8 20. Ra2 Qb3 21. Rea1 c4 22. e5 dxe5 23. Nxe5 Nxe5 24. Bxe5 Bxe5 25. Qxe5 Rbb7 26. a5 Rd7 27. Kh2 Rd2 28.
Qe3 Rbd7 29. Ra4 R7d3 30. Qxe7 Qb8+ 0-1

[Event "Early-Titled-Tuesday-Blitz-March-19-2024"]
[Site "Chess.com"]
[Date "2024.03.19"]
[Round "6"]
[White "alexrustemov"]
[Black "NelsonLinda"]
[Result "1-0"]
[WhiteElo "2875"]
[BlackElo "2659"]
[TimeControl "180+1"]
[EndTime "9:05:05 PDT"]
[Termination "alexrustemov won by resignation"]

1. d4 Nf6 2. c4 g6 3. Nf3 Bg7 4. g3 O-O 5. Bg2 d6 6. Nc3 Nc6 7. h3 e5 8. Be3 Nd7 9. Qd2 Re8 10.
dxe5 Ndxe5 11. b3 Nxf3+ 12. Bxf3 Nb4 13. Bg2 d5 14. cxd5 Nxd5 15. Bxd5 Bxc3 16. Bxf7+ Kxf7 17. Qxc3 c6 18. Rd1 Qf6 19. Rd4 Bf5 20. g4 Be6 21. Rf4 Bf5 22. Qxf6+ 1-0

[Event "Early-Titled-Tuesday-Blitz-March-19-2024"]
[Site "Chess.com"]
[Date "2024.03.19"]
[Round "6"]
[White "yaguigor"]
[Black "SamCopeland"]
[Result "1-0"]
[WhiteElo "2564"]
[BlackElo "2360"]
[TimeControl "180+1"]
[EndTime "9:05:08 PDT"]
[Termination "yaguigor won by resignation"]

1. d4 f5 2. c4 Nf6 3. Nc3 g6 4.
h4 d6 5. h5 Nxh5 6. e4 Ng7 7.
Nf3 Nc6 8. Bh6 fxe4 9. Nxe4 Bf5 10. Neg5 Qd7 11. d5 Nb4 12. Nd4 e5 13. Bxg7 Bxg7 14. Nxf5 Qxf5 15. Ne6 Nc2+ 16. Kd2 Qxf2+ 17. Be2 Ne3 18. Qa4+ Kf7 19. Qd7+ Kf6 20. Qxg7+ 1-0

[Event "Early-Titled-Tuesday-Blitz-March-19-2024"]
[Site "Chess.com"]
[Date "2024.03.19"]
[Round "6"]
[White "RebelJohnny"]
[Black "Mikhail_Bryakin"]
[Result "1-0"]
[WhiteElo "2563"]
[BlackElo "2732"]
[TimeControl "180+1"]
[EndTime "9:05:11 PDT"]
[Termination "RebelJohnny won by checkmate"]

1. e4 Nf6 2. Nc3 d5 3. e5 Nfd7 4. e6 fxe6 5. d4 c6 6. Bd3 g6 7. h4 e5 8. h5 e4 9. hxg6 exd3 10. Rxh7 Rg8 11. g7 Bxg7 12. Qh5+ Kf8 13. Rxg7 Rxg7 14. Qh8+ Rg8 15. Bh6+ Kf7 16. Qh7+ Ke6 17. O-O-O Nf6 18. Re1+ Kd7 19. Qf5+ Kc7 20. Bf4+ Kb6 21.
Na4+ Ka6 22. Nc5+ Kb6 23. Na4+ Ka5 24. Bd2+ Ka6 25. Nc5+ Kb6 26. Na4+ Ka6 27. Nc5+ Kb5 28. Qxd3+ Kb6 29. Qb3+ Kc7 30. Bf4+ Qd6 31. Rxe7+ Nbd7 32. Ne6+ Kb8 33. Bxd6# 1-0

[Event "Early-Titled-Tuesday-Blitz-March-19-2024"]
[Site "Chess.com"]
[Date "2024.03.19"]
[Round "6"]
[White "AwareIdea"]
[Black "igorknyazev"]
[Result "1-0"]
[WhiteElo "2516"]
[BlackElo "2236"]
[TimeControl "180+1"]
[EndTime "9:05:11 PDT"]
[Termination "AwareIdea won by resignation"]

1. d4 Nf6 2. Bf4 c5 3. e3 e6 4. Nc3 d5 5. Nb5 Na6 6. a4 Be7 7. Nf3 O-O 8. c3 Nh5 9. Be5 f6 10. Bg3 Nxg3 11. hxg3 cxd4 12. exd4 Nc7 13. Bd3 g6 14.
Qd2 Rf7 15. Qh6 Bf8 16. Qh4 Nxb5 17. Bxg6 Qe7 18. Bxf7+ Qxf7 19. axb5 Bd7 20. b6 a6 21.
g4 e5 22. dxe5 Re8 23. Kf1 fxe5 24. Ng5 Qg6 25. Qxh7+ Qxh7 26. Nxh7 Bg7 27. g5 Re6 28. Nf6+ Bxf6 29. gxf6 Rxb6 30. b4 Rxf6 31. Rh5 Re6 32.
Re1 Bb5+ 33. Kg1 e4 34. Rxd5 Bc4 35. Rd4 b5 36. Rdxe4 Rxe4 37. Rxe4 Kf7 38. f4 Bd3 39. Re5 1-0

[Event "Early-Titled-Tuesday-Blitz-March-19-2024"]
[Site "Chess.com"]
[Date "2024.03.19"]
[Round "6"]
[White "yonaltimur"]
[Black "gorgeous1083"]
[Result "1-0"]
[WhiteElo "2348"]
[BlackElo "2075"]
[TimeControl "180+1"]
[EndTime "9:05:16 PDT"]
[Termination "yonaltimur won by checkmate"]

1. e4 e6 2. d4 d5 3. Nc3 Bb4 4. e5 c5 5. a3 Bxc3+ 6. bxc3 Ne7 7. Qg4 O-O 8. h4 Qa5 9. Bd2 Qa4 10. Ra2 Nbc6 11. Nf3 Ng6 12. h5 Ngxe5 13. Nxe5 Nxe5 14. Qg3 Nc4 15. Bh6 g6 16. Bxc4 Qxc4 17. Bxf8 Kxf8 18. Qd6+ Ke8 19. hxg6 Qxc3+ 20. Kf1 Qc4+ 21. Kg1 fxg6 22. Rxh7 Qxd4 23. Qe7# 1-0

[Event "Early-Titled-Tuesday-Blitz-March-19-2024"]
[Site "Chess.com"]
[Date "2024.03.19"]
[Round "6"]
[White "ViIIagra"]
[Black "Rurep26"]
[Result "1-0"]
[WhiteElo "2925"]
[BlackElo "2725"]
[TimeControl "180+1"]
[EndTime "9:05:21 PDT"]
[Termination "ViIIagra won by resignation"]

1. d4 e6 2. c3 Nf6 3. Nd2 d5 4. e3 Bd6 5. f4 O-O 6. Bd3 b6 7.
Ngf3 Ba6 8. Bb1 c5 9. Ne5 Nfd7 10.
Qg4 f5 11. Qh3 Bxe5 12. fxe5 Nc6 13. Nf3 b5 14. g4 Ne7 15. Rg1 Qb6 16. b4 cxb4 17.
cxb4 Rac8 18. Bd2 Rc6 19. Bd3 Qc7 20. Ke2 Nb6 21. Ng5 h6 22. Nxe6 Rxe6 23. gxf5 Nxf5 24.
Bxf5 Qc4+ 25. Bd3 Qc6 26. Raf1 Nd7 27. Rc1 Qb6 28. Bf5 Rfe8 29. Qg4 R8e7 30. Bxe6+ Qxe6 31. Qxe6+ Rxe6 32. Rc7 1-0

[Event "Early-Titled-Tuesday-Blitz-March-19-2024"]
[Site "Chess.com"]
[Date "2024.03.19"]
[Round "6"]
[White "viktorskliarov"]
[Black "GnowReopard"]
[Result "1-0"]
[WhiteElo "2598"]
[BlackElo "2786"]
[TimeControl "180+1"]
[EndTime "9:05:22 PDT"]
[Termination "viktorskliarov won by resignation"]

1. e4 e6 2. d4 d5 3. e5 c5 4. c3 Qb6 5. Nf3 Nc6 6. a3 Nh6 7. b4 cxd4 8. Bxh6 gxh6 9. cxd4 Bd7 10. Be2 Rg8 11. O-O Rg4 12. h3 Rf4 13. g3 Rxf3 14. Bxf3 Qxd4 15. Qxd4 Nxd4 16. Bh5 Bg7 17. Nc3 Bxe5 18.
Rae1 Nc6 19. Nxd5 Kf8 20. b5 Na5 21. Rxe5 exd5 22. Rxd5 Be6 23. Rd4 Rc8 24. Bg4 Bxg4 25. hxg4 Rc3 26. a4 Nc4 27. Re1 Kg7 28. Re7 Kf6 29.
Rxb7 Ne5 30. Rf4+ Ke6 31. Rxa7 Nf3+ 32. Kg2 Ne1+ 33. Kf1 Nd3 34. Rfxf7 1-0

[Event "Early-Titled-Tuesday-Blitz-March-19-2024"]
[Site "Chess.com"]
[Date "2024.03.19"]
[Round "6"]
[White "Yeritsyaan"]
[Black "MarijaKuznecova"]
[Result "1-0"]
[WhiteElo "2655"]
[BlackElo "2400"]
[TimeControl "180+1"]
[EndTime "9:05:23 PDT"]
[Termination "Yeritsyaan won on time"]

1. e4 c5 2. Nc3 d6 3. f4 Nc6 4. Nf3 g6 5. Bb5 Bg7 6. O-O e6 7. d3 Ne7 8. Qe1 O-O 9. Bxc6 bxc6 10. Bd2 Rb8 11. Rb1 f5 12. Kh1 Qc7 13. Qh4 d5 14.
e5 h6 15. Qf2 Qb6 16. Na4 Qa6 17. b3 c4 18. Qc5 cxb3 19. axb3 Re8 20. Qd6 Rb5 21.
Nc5 Qa2 22. Nxe6 Qxc2 23. Nc7 Rf8 24. Nxb5 1-0

[Event "Early-Titled-Tuesday-Blitz-March-19-2024"]
[Site "Chess.com"]
[Date "2024.03.19"]
[Round "6"]
[White "stollenmonster"]
[Black "Aradhya2000"]
[Result "0-1"]
[WhiteElo "2901"]
[BlackElo "2726"]
[TimeControl "180+1"]
[EndTime "9:05:24 PDT"]
[Termination "Aradhya2000 won by resignation"]

1. e4 e5 2. Nc3 Nf6 3. g3 d5 4. exd5 c6 5. d6 Bxd6 6. Bg2 O-O 7. d3 Bg4 8. Nge2 Nbd7 9. h3 Bh5 10. g4 Bg6 11. O-O Nc5 12. f4 exf4 13. Nxf4 Ne6 14. Nxg6 hxg6 15. Be3 g5 16. Qd2 Nf4 17. Ne2 N6d5 18.
Bxd5 Nxd5 19. Bxg5 Qb6+ 20. d4 f6 21. Bh4 Rae8 22. c4 Ne3 23. c5 Nxf1 24. Rxf1 Qa6 25. Nc3 Bc7 26. d5 Qc4 27. dxc6 Qxc5+ 28. Bf2 Qxc6 29. Qd5+ Qxd5 30. Nxd5 Bb8 31. Nc3 Rd8 32. Be3 Rd3 33. Kf2 Re8 34. Nd1 Rd5 35. Ke2 Be5 36. b3 Ra5 37. a4 b5 38. axb5 Rxb5 0-1

[Event "Early-Titled-Tuesday-Blitz-March-19-2024"]
[Site "Chess.com"]
[Date "2024.03.19"]
[Round "6"]
[White "andrew-blr"]
[Black "martinbitel"]
[Result "1-0"]
[WhiteElo "2605"]
[BlackElo "2407"]
[TimeControl "180+1"]
[EndTime "9:05:26 PDT"]
[Termination "andrew-blr won by resignation"]

1. d4 Nf6 2. c4 c5 3. d5 e6 4. Nc3 exd5 5. cxd5 d6 6. e4 g6 7. h3 Bg7 8. Nf3 O-O 9. Be3 Re8 10. Bd3 Na6 11. O-O Nc7 12. a4 b6 13. Re1 Ba6 14. Bf4 Bxd3 15. Qxd3 a6 16. Nd2 Nh5 17. Bh2 Be5 18.
Bxe5 Rxe5 19. Nc4 Rg5 20. Qf3 Ng7 21. g4 h5 22. e5 hxg4 23. hxg4 dxe5 24. Ne4 Qxd5 25.
Nf6+ 1-0

[Event "Early-Titled-Tuesday-Blitz-March-19-2024"]
[Site "Chess.com"]
[Date "2024.03.19"]
[Round "6"]
[White "lluiss"]
[Black "zurzan"]
[Result "1-0"]
[WhiteElo "2239"]
[BlackElo "2029"]
[TimeControl "180+1"]
[EndTime "9:05:27 PDT"]
[Termination "lluiss won by resignation"]

1. Nf3 g6 2. d4 Bg7 3. c4 Nf6 4. g3 O-O 5. Bg2 d6 6. Nc3 c5 7. O-O cxd4 8. Nxd4 a6 9. b3 Qc7 10. Bb2 Nc6 11. Rc1 Nxd4 12. Qxd4 Rb8 13. Qd2 b6 14.
Nd5 Qd8 15. Nxf6+ exf6 16. Rfd1 b5 17. cxb5 axb5 18. Qxd6 Qxd6 19. Rxd6 Be6 20. Bd5 Bxd5 21. Rxd5 Rfe8 22. e3 b4 23. Rc4 Rec8 24. Rxc8+ Rxc8 25. Rb5 Ra8 26. Rxb4 Rxa2 27. Rb8+ Bf8 28. Bxf6 Ra7 29.
g4 h6 30. h4 Rd7 31. g5 hxg5 32. hxg5 Rc7 33. Kg2 Rd7 34. b4 Ra7 35. b5 Rd7 36.
b6 1-0